Ducks vs Sharks

Created - 24 octobre 2017 at 20:22

Goals
1 2 3 T
Ducks 0 2 0 2
Sharks 1 2 1 4
Shots
1 2 3 T
Ducks 7 12 7 26
Sharks 9 7 17 33

1st period

1. Sharks , Matt Martin 1 (Michael Chaput 1, Charlie Coyle 4) at 3:38

Penalties :
Colton Parayko (ANA) for Hooking (Minor) at 1:32, Esa Lindell (SJS) for High sticking (Minor) at 3:55, Wayne Simmonds (ANA) for Interference (Minor) at 3:55, Esa Lindell (SJS) for Roughing (Minor) at 15:10

2nd period

2. Sharks , Sam Reinhart 4 (Seth Jones 4) at 3:23
3. Ducks , Wayne Simmonds 5 (Colton Parayko 4, Mark Scheifele 11) at 14:02 (PP)
4. Sharks , Michael Chaput 2 (Seth Jones 5, Micheal Haley 1) at 14:12
5. Ducks , Valtteri Filppula 1 (Travis Hamonic 3, Nikita Zaitsev 2) at 19:33

Penalties :
Matt Martin (SJS) for Holding (Minor) at 3:45, Tom Wilson (SJS) for Interference (Minor) at 7:44, Esa Lindell (SJS) for Slashing (Minor) at 12:07

3rd period

6. Sharks , Seth Jones 4 (Travis Konecny 2) at 10:42 (PP)

Penalties :
Steve Ott (ANA) for Roughing (Minor) at 1:46, Chris Kunitz (ANA) for Roughing (Minor) at 9:54, Claude Giroux (ANA) for Slashing (Minor) at 12:01, Nikita Zaitsev (ANA) for Holding (Minor) at 15:47, Esa Lindell (SJS) for Hooking (Minor) at 17:51

Goalie Stats

Craig Anderson (ANA), 29 saves from 33 shots - (0.879), L, 5-4-1, 60:00 minutes
Louis Domingue (SJS), 24 saves from 26 shots - (0.923), W, 3-2-1, 60:00 minutes

Players Stats for Ducks

Player Name              G  A  P  +/- PIM S  H  SB GA TA FO     MP     PP MP  PK MP  
------------------------------------------------------------------------------------
Ben Smith                0  0  0  -1  0   0  0  0  0  0  0/0     6:33   0:00   0:00 
Blake Comeau             0  0  0  -1  0   1  1  0  0  0  0/1    16:17   0:00   5:06 
Boone Jenner             0  0  0   0  0   2  3  0  0  0  0/1    14:40   4:41   1:20 
Brandon Dubinsky         0  0  0   0  0   0  3  0  0  0  6/22   13:38   0:00   4:59 
Chris Kunitz             0  0  0  -1  2   1  2  0  0  0  1/1     6:32   0:00   0:00 
Claude Giroux            0  0  0  -1  2   2  0  0  0  0  11/24  17:39   5:10   0:00 
Colton Parayko           0  1  1   0  2   2  2  1  0  0  0/0    20:34   3:14   3:07 
Erik Johnson             0  0  0  -2  0   0  1  1  0  0  0/0    16:32   0:00   4:44 
Jake Dotchin             0  0  0  -2  0   1  3  1  0  0  0/0    16:43   0:11   4:44 
Mark Scheifele           0  1  1   0  0   1  0  0  0  0  13/25  19:15   4:41   0:00 
Matt Hunwick             0  0  0   0  0   2  2  0  0  0  0/0    21:05   3:03   3:48 
Nikita Zaitsev           0  1  1   0  2   0  0  0  0  0  0/0    21:59   6:37   0:00 
Patrick Marleau          0  0  0  -1  0   5  1  0  0  0  2/2    16:49   5:10   0:00 
Ryan OReilly             0  0  0   0  0   1  0  0  0  0  4/6    16:46   0:00   3:43 
Steve Ott                0  0  0   0  2   0  0  0  0  0  0/0    10:58   0:00   2:20 
Travis Hamonic           0  1  1   0  0   0  1  2  0  0  0/0    23:05   6:37   1:05 
Valtteri Filppula        1  0  1  -1  0   3  0  0  0  0  4/6    12:23   5:10   0:00 
Wayne Simmonds           1  0  1   0  2   5  2  0  0  0  0/0    17:43   4:41   0:00 

Players Stats for Sharks

Player Name              G  A  P  +/- PIM S  H  SB GA TA FO     MP     PP MP  PK MP  
------------------------------------------------------------------------------------
Andrej Sustr             0  0  0   0  0   0  0  0  0  0  0/0    16:09   3:58   0:46 
Anze Kopitar             0  0  0   1  0   3  2  1  0  0  16/32  23:28   4:59   4:41 
Charlie Coyle            0  1  1   0  0   5  0  0  0  0  2/5    18:41   4:52   1:08 
Chris Tanev              0  0  0   0  0   2  0  1  0  0  0/0    22:20   3:58   3:57 
Esa Lindell              0  0  0   2  8   0  6  1  0  0  0/0    16:39   0:06   1:02 
Marc Staal               0  0  0   0  0   0  4  1  0  0  0/0    17:13   0:00   3:48 
Mark Pysyk               0  0  0   0  0   1  1  2  0  0  0/0    16:36   0:00   5:03 
Matt Martin              1  0  1   2  2   5  0  0  0  0  0/0     7:28   0:41   0:00 
Michael Chaput           1  1  2   2  0   2  0  0  0  0  5/6     7:32   0:00   0:10 
Micheal Haley            0  1  1   2  0   0  1  0  0  0  0/0     7:22   0:00   0:00 
Mikhail Grigorenko       0  0  0  -1  0   1  0  0  0  0  0/1    12:55   0:06   4:46 
Mikko Rantanen           0  0  0   1  0   1  0  0  0  0  1/1    18:28   4:59   0:00 
Nick Bjugstad            0  0  0   0  0   1  4  0  0  0  2/2    15:33   3:45   0:00 
Sam Reinhart             1  0  1   1  0   3  1  0  0  0  0/1    18:44   4:40   0:00 
Sean Couturier           0  0  0   0  0   4  2  0  0  0  20/30  20:37   3:45   4:24 
Seth Jones               1  2  3   2  0   2  3  4  0  0  0/0    25:44   4:46   5:06 
Tom Wilson               0  0  0  -1  2   1  3  0  0  0  0/1    12:01   0:00   4:33 
Travis Konecny           0  1  1  -1  0   2  0  0  0  0  1/9    10:34   3:05   0:00 

3 Stars

1 - Seth Jones (SJS)
2 - Michael Chaput (SJS)
3 - Sam Reinhart (SJS)

Power Play

Ducks - 1 on 5 Attempt(s) - 20.00%
Sharks - 1 on 5 Attempt(s) - 20.00%

Penalty Kill

Ducks - 4 on 5 Attempt(s) - 80.00% - Score 0 goal in Penalty Kill
Sharks - 4 on 5 Attempt(s) - 80.00% - Score 0 goal in Penalty Kill

Team Stat

Ducks - Hits : 21 - Faceoff Wins : 41 - Blocked Shots : 5 - Penalty Minutes : 12
Sharks - Hits : 27 - Faceoff Wins : 47 - Blocked Shots : 10 - Penalty Minutes : 12

Official

Referees : Dave Lewis and Garrett Rank
Linesman : Devin Berg and Mark Wheler

Game Notes

No Game Note

Finance

Level 1 -- Attendance: 6500 (100.00%) -- Ticket Income 682 500 $
Level 2 -- Attendance: 4524 (90.48%) -- Ticket Income 316 680 $
Level 3 -- Attendance: 3175 (90.71%) -- Ticket Income 161 925 $
Level 4 -- Attendance: 1562 (100.00%) -- Ticket Income 54 670 $
Luxury Box -- Attendance: 924 (92.40%) -- Ticket Income 184 800 $
Game was played at the SAP center.
Total Attendance: 16685 (95.01%)
Total Ticket Income: 1 400 575 $
Other Income: 210 086 $
Total Income: 1 610 661 $

% Time on Ice - Ducks

Lines # - Real PCT - Wanted PCT - Time Play
Normal Forward
1 - 33% - 30% - 13:03
2 - 28% - 30% - 11:11
3 - 22% - 25% - 8:39
4 - 17% - 15% - 6:33
Normal Defense
1 - 36% - 35% - 14:14
2 - 34% - 35% - 13:24
3 - 30% - 30% - 11:48
4 - 0% - 0% - 0:00
PP Forward
1 - 48% - 55% - 4:41
2 - 52% - 45% - 5:10
PP Defense
1 - 67% - 65% - 6:37
2 - 33% - 35% - 3:14
PK Forward
1 - 57% - 55% - 5:01
2 - 43% - 45% - 3:43
PK Defense
1 - 46% - 55% - 4:00
2 - 54% - 45% - 4:44
PK3 Forward
1 - 0% - 55%
2 - 0% - 45%
PK3 Defense
1 - 0% - 55%
2 - 0% - 45%
44 Forward
1 - 76% - 60% - 1:31
2 - 24% - 40% - 0:28
44 Defense
1 - 58% - 60% - 1:09
2 - 42% - 40% - 0:50
Last Minute Offensive  - 0:00
Last Minute Defensive  - 0:00
Total
Forward - 60:00
Defense - 60:00

% Time on Ice - Sharks

Lines # - Real PCT - Wanted PCT - Time Play
Normal Forward
1 - 32% - 36% - 12:47
2 - 30% - 32% - 11:48
3 - 19% - 18% - 7:29
4 - 19% - 14% - 7:22
Normal Defense
1 - 38% - 42% - 15:01
2 - 34% - 32% - 13:25
3 - 28% - 26% - 11:00
4 - 0% - 0% - 0:00
PP Forward
1 - 57% - 62% - 4:59
2 - 43% - 38% - 3:45
PP Defense
1 - 55% - 62% - 4:46
2 - 45% - 38% - 3:58
PK Forward
1 - 64% - 55% - 6:19
2 - 36% - 45% - 3:32
PK Defense
1 - 51% - 60% - 5:03
2 - 49% - 40% - 4:48
PK3 Forward
1 - 0% - 55%
2 - 0% - 45%
PK3 Defense
1 - 0% - 60%
2 - 0% - 40%
44 Forward
1 - 65% - 55% - 1:17
2 - 35% - 45% - 0:42
44 Defense
1 - 100% - 55% - 1:59
2 - 0% - 45% - 0:00
Last Minute Offensive  - 0:00
Last Minute Defensive  - 0:00
Total
Forward - 60:00
Defense - 60:00

Play by Play

1st period


0:01 of 1st period - Mark Scheifele wins face-off versus Anze Kopitar in neutral zone.
0:12 of 1st period - Seth Jones is hit by Wayne Simmonds.
0:48 of 1st period - Icing by Anze Kopitar.
0:49 of 1st period - Patrick Marleau wins face-off versus Anze Kopitar in Sharks zone.
1:01 of 1st period - Icing by Seth Jones.
1:02 of 1st period - Brandon Dubinsky wins face-off versus Anze Kopitar in Sharks zone.
1:15 of 1st period - Icing by Brandon Dubinsky.
1:16 of 1st period - Nick Bjugstad wins face-off versus Brandon Dubinsky in Ducks zone.
1:17 of 1st period - Shot by Charlie Coyle.
1:17 of 1st period - Stopped by Craig Anderson without a rebound.
1:18 of 1st period - Chris Kunitz wins face-off versus Sean Couturier in Ducks zone.
1:32 of 1st period - Minor Penalty to Colton Parayko for Hooking.
1:33 of 1st period - Sean Couturier wins face-off versus Brandon Dubinsky in Ducks zone.
2:45 of 1st period - Icing by Seth Jones.
2:46 of 1st period - Ryan OReilly wins face-off versus Anze Kopitar in Sharks zone.
2:56 of 1st period - Off-side.
2:57 of 1st period - Brandon Dubinsky wins face-off versus Anze Kopitar in neutral zone.
3:38 of 1st period - Shot by Michael Chaput.
3:38 of 1st period - Deflect By Matt Martin.
3:38 of 1st period - Goal by Matt Martin - Ducks : 0 - Sharks : 1.
3:39 of 1st period - Mark Scheifele wins face-off versus Travis Konecny in neutral zone.
3:49 of 1st period - Mark Scheifele is hit by Seth Jones and loses puck.
3:55 of 1st period - Minor Penalty to Esa Lindell for High sticking.
3:55 of 1st period - Minor Penalty to Wayne Simmonds for Interference.
3:56 of 1st period - Anze Kopitar wins face-off versus Mark Scheifele in Sharks zone.
4:09 of 1st period - Shot by Sam Reinhart.
4:09 of 1st period - Shot Misses the Net.
4:36 of 1st period - Icing by Seth Jones.
4:37 of 1st period - Anze Kopitar wins face-off versus Mark Scheifele in Sharks zone.
4:49 of 1st period - Icing by Mark Scheifele.
4:50 of 1st period - Mark Scheifele wins face-off versus Charlie Coyle in Ducks zone.
4:57 of 1st period - Shot by Valtteri Filppula.
4:57 of 1st period - Shot Misses the Net.
5:16 of 1st period - Shot by Mikko Rantanen.
5:16 of 1st period - Stopped by Craig Anderson without a rebound.
5:17 of 1st period - Claude Giroux wins face-off versus Anze Kopitar in Ducks zone.
5:42 of 1st period - Shot by Anze Kopitar.
5:42 of 1st period - Shot Misses the Net.
5:44 of 1st period - Shot by Mark Pysyk.
5:44 of 1st period - Stopped by Craig Anderson without a rebound.
5:45 of 1st period - Mark Scheifele wins face-off versus Charlie Coyle in Ducks zone.
5:49 of 1st period - Off-side.
5:50 of 1st period - Charlie Coyle wins face-off versus Mark Scheifele in neutral zone.
6:03 of 1st period - Shot by Travis Konecny.
6:03 of 1st period - Shot Misses the Net.
6:20 of 1st period - Shot by Boone Jenner.
6:20 of 1st period - Shot Misses the Net.
6:28 of 1st period - Shot by Boone Jenner.
6:28 of 1st period - Stopped by Louis Domingue without a rebound.
6:29 of 1st period - Claude Giroux wins face-off versus Sean Couturier in Sharks zone.
6:43 of 1st period - Patrick Marleau is hit by Mark Pysyk and loses puck.
6:52 of 1st period - Shot by Claude Giroux.
6:52 of 1st period - Stopped by Louis Domingue with a rebound.
6:54 of 1st period - Shot by Patrick Marleau.
6:54 of 1st period - Shot Misses the Net.
6:59 of 1st period - Icing by Mark Pysyk.
7:00 of 1st period - Sean Couturier wins face-off versus Mark Scheifele in Sharks zone.
7:18 of 1st period - Icing by Nikita Zaitsev.
7:19 of 1st period - Anze Kopitar wins face-off versus Mark Scheifele in Ducks zone.
8:52 of 1st period - Shot by Patrick Marleau.
8:52 of 1st period - Stopped by Louis Domingue without a rebound.
8:53 of 1st period - Sean Couturier wins face-off versus Brandon Dubinsky in Sharks zone.
8:53 of 1st period - Sean Couturier is hit by Brandon Dubinsky.
8:59 of 1st period - Shot by Charlie Coyle.
8:59 of 1st period - Stopped by Craig Anderson without a rebound.
9:00 of 1st period - Sean Couturier wins face-off versus Brandon Dubinsky in Ducks zone.
9:21 of 1st period - Shot by Sean Couturier.
9:21 of 1st period - Deflect By Nick Bjugstad.
9:21 of 1st period - Shot Misses the Net.
9:24 of 1st period - Icing by Matt Hunwick.
9:25 of 1st period - Anze Kopitar wins face-off versus Brandon Dubinsky in Ducks zone.
9:53 of 1st period - Erik Johnson is hit by Marc Staal and loses puck.
10:11 of 1st period - Shot by Blake Comeau.
10:11 of 1st period - Stopped by Louis Domingue without a rebound.
10:12 of 1st period - Valtteri Filppula wins face-off versus Sean Couturier in Sharks zone.
10:21 of 1st period - Shot by Charlie Coyle.
10:21 of 1st period - Stopped by Craig Anderson with a rebound.
10:23 of 1st period - Shot by Charlie Coyle.
10:23 of 1st period - Shot Misses the Net.
10:25 of 1st period - Shot by Sean Couturier.
10:25 of 1st period - Shot Misses the Net.
11:17 of 1st period - Nikita Zaitsev is hit by Esa Lindell and loses puck.
11:30 of 1st period - Shot by Travis Konecny.
11:30 of 1st period - Stopped by Craig Anderson without a rebound.
11:31 of 1st period - Anze Kopitar wins face-off versus Claude Giroux in Ducks zone.
12:30 of 1st period - Icing by Colton Parayko.
12:31 of 1st period - Nick Bjugstad wins face-off versus Claude Giroux in Ducks zone.
12:36 of 1st period - Shot by Charlie Coyle.
12:36 of 1st period - Shot Blocked by Colton Parayko.
13:39 of 1st period - Charlie Coyle is hit by Erik Johnson and loses puck.
13:43 of 1st period - Icing by Erik Johnson.
13:44 of 1st period - Brandon Dubinsky wins face-off versus Anze Kopitar in Ducks zone.
14:20 of 1st period - Off-side.
14:21 of 1st period - Valtteri Filppula wins face-off versus Michael Chaput in neutral zone.
14:34 of 1st period - Shot by Micheal Haley.
14:34 of 1st period - Shot Misses the Net.
14:48 of 1st period - Shot by Matt Martin.
14:48 of 1st period - Stopped by Craig Anderson without a rebound.
14:49 of 1st period - Mark Scheifele wins face-off versus Travis Konecny in Ducks zone.
15:09 of 1st period - Shot by Mark Scheifele.
15:09 of 1st period - The goal is going for a video replay.
15:09 of 1st period - The goal is refused.
15:10 of 1st period - Claude Giroux wins face-off versus Sam Reinhart in Sharks zone.
15:10 of 1st period - Minor Penalty to Esa Lindell for Roughing.
15:11 of 1st period - Sean Couturier wins face-off versus Claude Giroux in Sharks zone.
16:02 of 1st period - Shot by Wayne Simmonds.
16:02 of 1st period - Shot Blocked by Anze Kopitar.
16:04 of 1st period - Shot by Matt Hunwick.
16:04 of 1st period - Shot Misses the Net.
16:06 of 1st period - Shot by Matt Hunwick.
16:06 of 1st period - Stopped by Louis Domingue without a rebound.
16:07 of 1st period - Sean Couturier wins face-off versus Mark Scheifele in Sharks zone.
16:07 of 1st period - Sean Couturier is hit by Boone Jenner.
16:27 of 1st period - Shot by Mark Scheifele.
16:27 of 1st period - Deflect By Wayne Simmonds.
16:27 of 1st period - Stopped by Louis Domingue without a rebound.
16:28 of 1st period - Sean Couturier wins face-off versus Mark Scheifele in Sharks zone.
16:28 of 1st period - Sean Couturier is hit by Boone Jenner.
16:54 of 1st period - Shot by Wayne Simmonds.
16:54 of 1st period - Shot Misses the Net.
17:17 of 1st period - Shot by Michael Chaput.
17:17 of 1st period - Deflect By Matt Martin.
17:17 of 1st period - Stopped by Craig Anderson without a rebound.
17:18 of 1st period - Claude Giroux wins face-off versus Anze Kopitar in Ducks zone.
17:28 of 1st period - Anze Kopitar is hit by Jake Dotchin and loses puck.
18:06 of 1st period - Icing by Erik Johnson.
18:07 of 1st period - Claude Giroux wins face-off versus Sean Couturier in Ducks zone.
18:54 of 1st period - Shot by Wayne Simmonds.
18:54 of 1st period - Shot Misses the Net.
19:26 of 1st period - Shot by Travis Konecny.
19:26 of 1st period - Shot Misses the Net.
19:30 of 1st period - Shot by Tom Wilson.
19:30 of 1st period - Shot Misses the Net.
Goals for this period are 0 for Ducks vs 1 for Sharks.
Shots for this period are 7 for Ducks vs 9 for Sharks.

2nd period


0:01 of 2nd period - Anze Kopitar wins face-off versus Brandon Dubinsky in neutral zone.
0:32 of 2nd period - Brandon Dubinsky is hit by Esa Lindell and loses puck.
0:47 of 2nd period - Shot by Claude Giroux.
0:47 of 2nd period - Stopped by Louis Domingue without a rebound.
0:48 of 2nd period - Sean Couturier wins face-off versus Claude Giroux in Sharks zone.
0:59 of 2nd period - Blake Comeau is hit by Nick Bjugstad.
1:44 of 2nd period - Matt Hunwick is hit by Marc Staal and loses puck.
2:48 of 2nd period - Shot by Chris Kunitz.
2:48 of 2nd period - Shot Misses the Net.
2:56 of 2nd period - Shot by Chris Kunitz.
2:56 of 2nd period - Stopped by Louis Domingue with a rebound.
3:12 of 2nd period - Shot by Boone Jenner.
3:12 of 2nd period - Stopped by Louis Domingue without a rebound.
3:13 of 2nd period - Anze Kopitar wins face-off versus Claude Giroux in Sharks zone.
3:23 of 2nd period - Shot by Sam Reinhart.
3:23 of 2nd period - Goal by Sam Reinhart - Ducks : 0 - Sharks : 2.
3:24 of 2nd period - Michael Chaput wins face-off versus Brandon Dubinsky in neutral zone.
3:45 of 2nd period - Minor Penalty to Matt Martin for Holding.
3:46 of 2nd period - Claude Giroux wins face-off versus Anze Kopitar in Sharks zone.
4:23 of 2nd period - Esa Lindell is hit by Patrick Marleau and loses puck.
4:44 of 2nd period - Shot by Wayne Simmonds.
4:44 of 2nd period - Shot Blocked by Esa Lindell.
4:46 of 2nd period - Shot by Matt Hunwick.
4:46 of 2nd period - Shot Blocked by Mark Pysyk.
5:06 of 2nd period - Shot by Mark Scheifele.
5:06 of 2nd period - Shot Misses the Net.
5:08 of 2nd period - Shot by Wayne Simmonds.
5:08 of 2nd period - Stopped by Louis Domingue without a rebound.
5:09 of 2nd period - Claude Giroux wins face-off versus Mikhail Grigorenko in Sharks zone.
5:52 of 2nd period - Shot by Matt Martin.
5:52 of 2nd period - Shot Misses the Net.
6:30 of 2nd period - Off-side.
6:31 of 2nd period - Mark Scheifele wins face-off versus Sean Couturier in neutral zone.
6:31 of 2nd period - Ryan OReilly is hit by Sean Couturier and loses puck.
7:20 of 2nd period - Shot by Matt Martin.
7:20 of 2nd period - Stopped by Craig Anderson with a rebound.
7:38 of 2nd period - Shot by Michael Chaput.
7:38 of 2nd period - Stopped by Craig Anderson without a rebound.
7:39 of 2nd period - Claude Giroux wins face-off versus Travis Konecny in Ducks zone.
7:39 of 2nd period - Claude Giroux is hit by Tom Wilson.
7:44 of 2nd period - Minor Penalty to Tom Wilson for Interference.
7:45 of 2nd period - Anze Kopitar wins face-off versus Claude Giroux in Sharks zone.
8:10 of 2nd period - Shot by Patrick Marleau.
8:10 of 2nd period - Deflect By Valtteri Filppula.
8:10 of 2nd period - Shot Misses the Net.
8:12 of 2nd period - Shot by Patrick Marleau.
8:12 of 2nd period - Shot Misses the Net.
8:16 of 2nd period - Shot by Patrick Marleau.
8:16 of 2nd period - Shot Blocked by Chris Tanev.
8:56 of 2nd period - Shot by Boone Jenner.
8:56 of 2nd period - Shot Misses the Net.
8:58 of 2nd period - Shot by Matt Hunwick.
8:58 of 2nd period - Stopped by Louis Domingue without a rebound.
8:59 of 2nd period - Claude Giroux wins face-off versus Anze Kopitar in Sharks zone.
9:44 of 2nd period - Shot by Wayne Simmonds.
9:44 of 2nd period - Shot Misses the Net.
10:35 of 2nd period - Shot by Ben Smith.
10:35 of 2nd period - Deflect By Chris Kunitz.
10:35 of 2nd period - Shot Misses the Net.
10:37 of 2nd period - Shot by Colton Parayko.
10:37 of 2nd period - Stopped by Louis Domingue without a rebound.
10:38 of 2nd period - Mark Scheifele wins face-off versus Sean Couturier in Sharks zone.
11:02 of 2nd period - Wayne Simmonds is hit by Esa Lindell and loses puck.
11:05 of 2nd period - Shot by Wayne Simmonds.
11:05 of 2nd period - Stopped by Louis Domingue without a rebound.
11:06 of 2nd period - Mikko Rantanen wins face-off versus Claude Giroux in Sharks zone.
11:06 of 2nd period - Mikko Rantanen is hit by Blake Comeau.
11:11 of 2nd period - Off-side.
11:12 of 2nd period - Anze Kopitar wins face-off versus Claude Giroux in neutral zone.
11:23 of 2nd period - Shot by Mikko Rantanen.
11:23 of 2nd period - Deflect By Sam Reinhart.
11:23 of 2nd period - Shot Blocked by Jake Dotchin.
11:39 of 2nd period - Shot by Anze Kopitar.
11:39 of 2nd period - Stopped by Craig Anderson without a rebound.
11:40 of 2nd period - Mark Scheifele wins face-off versus Travis Konecny in Ducks zone.
11:49 of 2nd period - Colton Parayko is hit by Seth Jones.
12:00 of 2nd period - Wayne Simmonds is hit by Seth Jones and loses puck.
12:06 of 2nd period - Wayne Simmonds is hit by Esa Lindell and loses puck.
12:07 of 2nd period - Minor Penalty to Esa Lindell for Slashing.
12:08 of 2nd period - Sean Couturier wins face-off versus Claude Giroux in Sharks zone.
12:39 of 2nd period - Shot by Patrick Marleau.
12:39 of 2nd period - Stopped by Louis Domingue without a rebound.
12:40 of 2nd period - Anze Kopitar wins face-off versus Mark Scheifele in Sharks zone.
12:40 of 2nd period - Anze Kopitar is hit by Boone Jenner.
13:06 of 2nd period - Shot by Mark Scheifele.
13:06 of 2nd period - Shot Misses the Net.
13:08 of 2nd period - Shot by Wayne Simmonds.
13:08 of 2nd period - Shot Blocked by Seth Jones.
13:10 of 2nd period - Shot by Wayne Simmonds.
13:10 of 2nd period - Shot Blocked by Seth Jones.
13:12 of 2nd period - Shot by Colton Parayko.
13:12 of 2nd period - Deflect By Mark Scheifele.
13:12 of 2nd period - Shot Blocked by Seth Jones.
13:14 of 2nd period - Shot by Matt Hunwick.
13:14 of 2nd period - Shot Blocked by Marc Staal.
13:16 of 2nd period - Shot by Matt Hunwick.
13:16 of 2nd period - Shot Misses the Net.
13:56 of 2nd period - Off-side.
13:57 of 2nd period - Mark Scheifele wins face-off versus Tom Wilson in neutral zone.
14:02 of 2nd period - Shot by Wayne Simmonds.
14:02 of 2nd period - Goal by Wayne Simmonds - Ducks : 1 - Sharks : 2.
14:03 of 2nd period - Michael Chaput wins face-off versus Valtteri Filppula in neutral zone.
14:12 of 2nd period - Shot by Michael Chaput.
14:12 of 2nd period - Goal by Michael Chaput - Ducks : 1 - Sharks : 3.
14:13 of 2nd period - Anze Kopitar wins face-off versus Mark Scheifele in neutral zone.
14:28 of 2nd period - Shot by Sam Reinhart.
14:28 of 2nd period - Deflect By Anze Kopitar.
14:28 of 2nd period - Stopped by Craig Anderson without a rebound.
14:29 of 2nd period - Patrick Marleau wins face-off versus Charlie Coyle in Ducks zone.
14:29 of 2nd period - Patrick Marleau is hit by Nick Bjugstad.
14:43 of 2nd period - Travis Hamonic is hit by Nick Bjugstad.
14:49 of 2nd period - Shot by Patrick Marleau.
14:49 of 2nd period - Stopped by Louis Domingue without a rebound.
14:50 of 2nd period - Brandon Dubinsky wins face-off versus Anze Kopitar in Sharks zone.
15:21 of 2nd period - Sam Reinhart is hit by Brandon Dubinsky and loses puck.
15:40 of 2nd period - Icing by Patrick Marleau.
15:41 of 2nd period - Sean Couturier wins face-off versus Claude Giroux in Ducks zone.
15:42 of 2nd period - Shot by Charlie Coyle.
15:42 of 2nd period - Shot Blocked by Travis Hamonic.
16:12 of 2nd period - Icing by Nikita Zaitsev.
16:13 of 2nd period - Claude Giroux wins face-off versus Travis Konecny in Ducks zone.
16:13 of 2nd period - Claude Giroux is hit by Tom Wilson.
16:26 of 2nd period - Shot by Tom Wilson.
16:26 of 2nd period - Shot Blocked by Travis Hamonic.
16:30 of 2nd period - Shot by Marc Staal.
16:30 of 2nd period - Shot Misses the Net.
17:21 of 2nd period - Shot by Matt Martin.
17:21 of 2nd period - Stopped by Craig Anderson without a rebound.
17:22 of 2nd period - Brandon Dubinsky wins face-off versus Anze Kopitar in Ducks zone.
17:22 of 2nd period - Brandon Dubinsky is hit by Sam Reinhart.
17:40 of 2nd period - Andrej Sustr is hit by Brandon Dubinsky and loses puck.
18:11 of 2nd period - Boone Jenner is hit by Marc Staal and loses puck.
18:54 of 2nd period - Shot by Wayne Simmonds.
18:54 of 2nd period - Shot Misses the Net.
18:56 of 2nd period - Shot by Ryan OReilly.
18:56 of 2nd period - Stopped by Louis Domingue without a rebound.
18:57 of 2nd period - Valtteri Filppula wins face-off versus Travis Konecny in Sharks zone.
19:22 of 2nd period - Valtteri Filppula is hit by Esa Lindell and loses puck.
19:31 of 2nd period - Shot by Travis Hamonic.
19:31 of 2nd period - Shot Hit the Post.
19:33 of 2nd period - Shot by Valtteri Filppula.
19:33 of 2nd period - Goal by Valtteri Filppula - Ducks : 2 - Sharks : 3.
19:34 of 2nd period - Anze Kopitar wins face-off versus Claude Giroux in neutral zone.
19:39 of 2nd period - Patrick Marleau is hit by Anze Kopitar and loses puck.
19:45 of 2nd period - Sam Reinhart is hit by Jake Dotchin and loses puck.
Goals for this period are 2 for Ducks vs 2 for Sharks.
Shots for this period are 12 for Ducks vs 7 for Sharks.

3rd period


0:01 of 3rd period - Claude Giroux wins face-off versus Anze Kopitar in neutral zone.
0:36 of 3rd period - Shot by Patrick Marleau.
0:36 of 3rd period - Shot Misses the Net.
0:38 of 3rd period - Shot by Claude Giroux.
0:38 of 3rd period - Deflect By Patrick Marleau.
0:38 of 3rd period - Shot Blocked by Seth Jones.
1:12 of 3rd period - Shot by Sean Couturier.
1:12 of 3rd period - Stopped by Craig Anderson without a rebound.
1:13 of 3rd period - Brandon Dubinsky wins face-off versus Travis Konecny in Ducks zone.
1:13 of 3rd period - Brandon Dubinsky is hit by Tom Wilson.
1:24 of 3rd period - Travis Konecny is hit by Jake Dotchin and loses puck.
1:46 of 3rd period - Minor Penalty to Steve Ott for Roughing.
1:47 of 3rd period - Anze Kopitar wins face-off versus Brandon Dubinsky in Ducks zone.
1:50 of 3rd period - Shot by Mikko Rantanen.
1:50 of 3rd period - Shot Misses the Net.
1:57 of 3rd period - Mikko Rantanen is hit by Matt Hunwick and loses puck.
2:48 of 3rd period - Shot by Chris Tanev.
2:48 of 3rd period - Stopped by Craig Anderson without a rebound.
2:49 of 3rd period - Sean Couturier wins face-off versus Brandon Dubinsky in Ducks zone.
2:59 of 3rd period - Travis Konecny is hit by Matt Hunwick and loses puck.
3:14 of 3rd period - Shot by Sean Couturier.
3:14 of 3rd period - Stopped by Craig Anderson without a rebound.
3:15 of 3rd period - Ryan OReilly wins face-off versus Anze Kopitar in Ducks zone.
3:15 of 3rd period - Ryan OReilly is hit by Anze Kopitar.
3:56 of 3rd period - Valtteri Filppula is hit by Marc Staal and loses puck.
4:09 of 3rd period - Shot by Valtteri Filppula.
4:09 of 3rd period - Stopped by Louis Domingue without a rebound.
4:10 of 3rd period - Travis Konecny wins face-off versus Blake Comeau in Sharks zone.
4:31 of 3rd period - Shot by Patrick Marleau.
4:31 of 3rd period - Shot Misses the Net.
4:33 of 3rd period - Shot by Patrick Marleau.
4:33 of 3rd period - Shot Misses the Net.
4:35 of 3rd period - Shot by Jake Dotchin.
4:35 of 3rd period - Stopped by Louis Domingue with a rebound.
4:39 of 3rd period - Shot by Patrick Marleau.
4:39 of 3rd period - Deflect By Claude Giroux.
4:39 of 3rd period - Shot Misses the Net.
4:41 of 3rd period - Shot by Patrick Marleau.
4:41 of 3rd period - Stopped by Louis Domingue without a rebound.
4:42 of 3rd period - Mark Scheifele wins face-off versus Sean Couturier in Sharks zone.
4:42 of 3rd period - Mark Scheifele is hit by Esa Lindell.
4:47 of 3rd period - Icing by Esa Lindell.
4:48 of 3rd period - Mark Scheifele wins face-off versus Sean Couturier in Sharks zone.
4:49 of 3rd period - Shot by Wayne Simmonds.
4:49 of 3rd period - Stopped by Louis Domingue with a rebound.
6:01 of 3rd period - Icing by Mark Scheifele.
6:02 of 3rd period - Michael Chaput wins face-off versus Mark Scheifele in Ducks zone.
6:14 of 3rd period - Micheal Haley is hit by Travis Hamonic and loses puck.
7:25 of 3rd period - Shot by Patrick Marleau.
7:25 of 3rd period - Stopped by Louis Domingue with a rebound.
8:19 of 3rd period - Shot by Mikhail Grigorenko.
8:19 of 3rd period - Shot Misses the Net.
8:21 of 3rd period - Shot by Seth Jones.
8:21 of 3rd period - Stopped by Craig Anderson without a rebound.
8:22 of 3rd period - Sean Couturier wins face-off versus Valtteri Filppula in Ducks zone.
8:29 of 3rd period - Shot by Sean Couturier.
8:29 of 3rd period - Stopped by Craig Anderson without a rebound.
8:30 of 3rd period - Valtteri Filppula wins face-off versus Sean Couturier in Ducks zone.
8:30 of 3rd period - Valtteri Filppula is hit by Nick Bjugstad.
8:38 of 3rd period - Valtteri Filppula is hit by Sean Couturier.
8:53 of 3rd period - Sean Couturier is hit by Colton Parayko and loses puck.
8:56 of 3rd period - Shot by Sean Couturier.
8:56 of 3rd period - Stopped by Craig Anderson with a rebound.
9:25 of 3rd period - Esa Lindell is hit by Chris Kunitz.
9:53 of 3rd period - Seth Jones is hit by Chris Kunitz and loses puck.
9:54 of 3rd period - Minor Penalty to Chris Kunitz for Roughing.
9:55 of 3rd period - Anze Kopitar wins face-off versus Brandon Dubinsky in Ducks zone.
10:16 of 3rd period - Shot by Charlie Coyle.
10:16 of 3rd period - Shot Misses the Net.
10:18 of 3rd period - Shot by Chris Tanev.
10:18 of 3rd period - Shot Blocked by Erik Johnson.
10:24 of 3rd period - Shot by Anze Kopitar.
10:24 of 3rd period - Stopped by Craig Anderson without a rebound.
10:25 of 3rd period - Sean Couturier wins face-off versus Ryan OReilly in Ducks zone.
10:42 of 3rd period - Shot by Seth Jones.
10:42 of 3rd period - Goal by Seth Jones - Ducks : 2 - Sharks : 4.
10:43 of 3rd period - Mark Scheifele wins face-off versus Travis Konecny in neutral zone.
10:56 of 3rd period - Shot by Tom Wilson.
10:56 of 3rd period - Shot Misses the Net.
12:01 of 3rd period - Minor Penalty to Claude Giroux for Slashing.
12:02 of 3rd period - Anze Kopitar wins face-off versus Brandon Dubinsky in Ducks zone.
12:37 of 3rd period - Shot by Sam Reinhart.
12:37 of 3rd period - Shot Misses the Net.
12:39 of 3rd period - Shot by Charlie Coyle.
12:39 of 3rd period - Stopped by Craig Anderson without a rebound.
12:40 of 3rd period - Sean Couturier wins face-off versus Ryan OReilly in Ducks zone.
14:56 of 3rd period - Shot by Nick Bjugstad.
14:56 of 3rd period - Stopped by Craig Anderson without a rebound.
14:57 of 3rd period - Mark Scheifele wins face-off versus Anze Kopitar in Ducks zone.
15:12 of 3rd period - Shot by Mark Scheifele.
15:12 of 3rd period - Shot Misses the Net.
15:14 of 3rd period - Shot by Wayne Simmonds.
15:14 of 3rd period - Shot Misses the Net.
15:24 of 3rd period - Shot by Wayne Simmonds.
15:24 of 3rd period - Shot Blocked by Mark Pysyk.
15:26 of 3rd period - Shot by Colton Parayko.
15:26 of 3rd period - Stopped by Louis Domingue without a rebound.
15:27 of 3rd period - Michael Chaput wins face-off versus Brandon Dubinsky in Sharks zone.
15:32 of 3rd period - Erik Johnson is hit by Micheal Haley and loses puck.
15:40 of 3rd period - Icing by Marc Staal.
15:41 of 3rd period - Michael Chaput wins face-off versus Claude Giroux in Sharks zone.
15:47 of 3rd period - Minor Penalty to Nikita Zaitsev for Holding.
15:48 of 3rd period - Sean Couturier wins face-off versus Brandon Dubinsky in Ducks zone.
15:48 of 3rd period - Sean Couturier is hit by Colton Parayko.
16:12 of 3rd period - Shot by Sam Reinhart.
16:12 of 3rd period - Stopped by Craig Anderson without a rebound.
16:13 of 3rd period - Ryan OReilly wins face-off versus Anze Kopitar in Ducks zone.
16:42 of 3rd period - Shot by Charlie Coyle.
16:42 of 3rd period - Stopped by Craig Anderson without a rebound.
16:43 of 3rd period - Sean Couturier wins face-off versus Brandon Dubinsky in Ducks zone.
16:44 of 3rd period - Shot by Sam Reinhart.
16:44 of 3rd period - Stopped by Craig Anderson with a rebound.
16:53 of 3rd period - Icing by Travis Konecny.
16:54 of 3rd period - Sean Couturier wins face-off versus Brandon Dubinsky in Sharks zone.
17:08 of 3rd period - Icing by Seth Jones.
17:09 of 3rd period - Ryan OReilly wins face-off versus Sean Couturier in Sharks zone.
17:34 of 3rd period - Shot by Travis Konecny.
17:34 of 3rd period - Stopped by Craig Anderson without a rebound.
17:35 of 3rd period - Charlie Coyle wins face-off versus Brandon Dubinsky in Ducks zone.
17:44 of 3rd period - Shot by Chris Tanev.
17:44 of 3rd period - Shot Hit the Post.
17:46 of 3rd period - Shot by Charlie Coyle.
17:46 of 3rd period - Deflect By Anze Kopitar.
17:46 of 3rd period - Shot Misses the Net.
17:51 of 3rd period - Minor Penalty to Esa Lindell for Hooking.
17:52 of 3rd period - Sean Couturier wins face-off versus Mark Scheifele in Sharks zone.
18:01 of 3rd period - Mark Pysyk is hit by Wayne Simmonds.
19:08 of 3rd period - Shot by Patrick Marleau.
19:08 of 3rd period - Deflect By Valtteri Filppula.
19:08 of 3rd period - Stopped by Louis Domingue without a rebound.
19:09 of 3rd period - Sean Couturier wins face-off versus Claude Giroux in Sharks zone.
19:14 of 3rd period - Shot by Tom Wilson.
19:14 of 3rd period - Stopped by Craig Anderson with a rebound.
19:16 of 3rd period - Shot by Chris Tanev.
19:16 of 3rd period - Stopped by Craig Anderson without a rebound.
19:17 of 3rd period - Anze Kopitar wins face-off versus Boone Jenner in Ducks zone.
19:20 of 3rd period - Shot by Mikhail Grigorenko.
19:20 of 3rd period - Stopped by Craig Anderson without a rebound.
19:21 of 3rd period - Sean Couturier wins face-off versus Mark Scheifele in Ducks zone.
Goals for this period are 0 for Ducks vs 1 for Sharks.
Shots for this period are 7 for Ducks vs 17 for Sharks.